[Event "Titled Tuesday Blitz August 17 2021"]
[White "Maze, Sebastien"]
[Black "Denishev, Marat"]
[WhiteFideId "613762"]
[BlackFideId "24131563"]
[WhiteElo "2462"]
[BlackElo "2132"]
[Result "0-1"]
[Round "09"]
[TimeControl "180+1"]
[Date "2021.08.17"]
[WhiteClock "0:00:02"]
[BlackClock "0:00:05"]

1. e4 Nf6 2. e5 Nd5 3. c4 Nb6 4. d4 d6 5. exd6 exd6 6. Nc3 Be7 7. Bd3 O-O 8. Nge2 Bg4 9. O-O Nc6 10. f3 Bh5 11. b3 Bf6 12. Be3 Re8 13. Qd2 Bg6 14. Bxg6 hxg6 15. Rfe1 d5 16. c5 Nc8 17. Bf2 g5 18. Ng3 N8e7 19. Nh5 Qd7 20. Nxf6+ gxf6 21. h4 Qf5 22. hxg5 fxg5 23. Nb5 Rac8 24. Bg3 Ng6 25. Nxc7 Rxe1+ 26. Rxe1 Qf6 27. Nxd5 Qxd4+ 28. Qxd4 Nxd4 29. Bf2 Ne6 30. b4 a6 31. Rd1 Kg7 32. Nb6 Re8 33. Nc4 Nef4 34. Kf1 Re6 35. Rd7 Re7 36. Rxe7 Nxe7 37. Nd6 Nd3 38. a3 Nd5 39. Nxb7 Kf8 40. c6 Ke7 41. Nc5 Nxc5 42. Bxc5+ Kd8 43. Bd6 Ne3+ 44. Kf2 Nc4 45. Bb8 Nxa3 46. Kg3 Nc2 47. Bd6 Ne3 48. c7+ Kd7 49. Kf2 Nf5 50. Be5 Ne7 51. Ke3 Nd5+ 52. Ke4 Nxb4 53. Kf5 Nd5 54. Kxg5 Nxc7 55. Kf6 Nd5+ 56. Kxf7 Ne3 57. g4 Kc6 58. g5 Kd5 59. Bf6 Nf5 60. g6 Nd6+ 61. Ke7 Nf5+ 62. Kd7 a5 0-1


[Site "https://www.chess.com"]

[Event "Titled Tuesday Blitz August 17 2021"]
[White "Mekhitarian, Krikor Sevag"]
[Black "Kuzubov, Yuriy"]
[WhiteFideId "2107660"]
[BlackFideId "14112906"]
[WhiteElo "2598"]
[BlackElo "2564"]
[Result "0-1"]
[Round "09"]
[TimeControl "180+1"]
[Date "2021.08.17"]
[WhiteClock "0:00:01"]
[BlackClock "0:00:08"]

1. e4 e5 2. Bc4 Nf6 3. d3 c6 4. Nf3 Be7 5. O-O d6 6. c3 O-O 7. Bb3 Nbd7 8. Nbd2 d5 9. Bc2 Re8 10. Re1 Bf8 11. d4 exd4 12. Nxd4 g6 13. exd5 Rxe1+ 14. Qxe1 Nxd5 15. Ne4 h6 16. Bd2 Bg7 17. Nd6 Nc5 18. Nxc8 Rxc8 19. Rd1 Qf8 20. Qe2 Re8 21. Qf3 Bxd4 22. cxd4 Ne6 23. Be3 Kg7 24. Bb3 Nxe3 25. Qxe3 Nc7 26. Qc3 Nb5 27. Qd3 Nd6 28. g3 Qe7 29. d5 c5 30. Qc3+ Qf6 31. Qxc5 Ne4 32. Qd4 Nd6 33. Qxf6+ Kxf6 34. Kf1 Rc8 35. Ke2 h5 36. Kd3 h4 37. Re1 Rh8 38. Rc1 hxg3 39. hxg3 Ke7 40. Rc7+ Kd8 41. Rc1 Rh2 42. Ke3 Kd7 43. Kf3 Rh8 44. Re1 Rh2 45. Rc1 f5 46. Ba4+ b5 47. Bb3 Ne4 48. Rc2 g5 49. a4 bxa4 50. Bxa4+ Kd6 51. Bc6 Nc5 52. b4 Nd3 53. Rd2 Nxb4 54. Bb5 Rh8 55. Bc4 Rc8 56. Rd4 Ke5 57. Ke3 Nc2+ 0-1


[Site "https://www.chess.com"]

[Event "Titled Tuesday Blitz August 17 2021"]
[White "Mikhnenko, Alexander"]
[Black "Tari, Aryan"]
[WhiteFideId "34143014"]
[BlackFideId "1510045"]
[WhiteElo "2135"]
[BlackElo "2656"]
[Result "0-1"]
[Round "09"]
[TimeControl "180+1"]
[Date "2021.08.17"]
[WhiteClock "0:00:01"]
[BlackClock "0:00:20"]

1. e4 c5 2. Nf3 Nc6 3. Bb5 e5 4. O-O Nge7 5. c3 g6 6. d4 exd4 7. cxd4 cxd4 8. Nxd4 Bg7 9. Be3 O-O 10. Nc3 d5 11. exd5 Nb4 12. Bg5 h6 13. Bxe7 Qxe7 14. a3 Nxd5 15. Nxd5 Qc5 16. Nb3 Qxb5 17. Nc7 Qe5 18. Nxa8 Be6 19. Nd4 Qxd4 20. Qxd4 Bxd4 21. Nc7 Bc4 22. Rfd1 Be5 23. Nd5 Kg7 24. Ne3 Be6 25. Rab1 b5 26. b3 a5 27. a4 b4 28. Nc4 Bc7 29. Nd6 Bb6 30. Nc4 Bc7 31. Rbc1 Bf4 32. Rc2 Rc8 33. g3 Bf5 34. Rb2 Bc7 35. Rbd2 Be6 36. Rd4 Kf6 37. Nd6 Rb8 38. Nb5 Bb6 39. Rd6 Ke7 40. Rc6 Bxb3 41. Re1+ Be6 42. Nc7 Kd7 43. Nxe6 Kxc6 44. Ng7 Bd4 0-1


[Site "https://www.chess.com"]

[Event "Titled Tuesday Blitz August 17 2021"]
[White "Mitusov, Semen"]
[Black "Nazaretyan, Tigran"]
[WhiteFideId "14151049"]
[BlackFideId "24162345"]
[WhiteElo "2256"]
[BlackElo "2167"]
[Result "0-1"]
[Round "09"]
[TimeControl "180+1"]
[Date "2021.08.17"]
[WhiteClock "0:00:04"]
[BlackClock "0:00:19"]

1. e4 c5 2. Nc3 Nc6 3. g3 g6 4. Bg2 Bg7 5. Nge2 e6 6. d3 Nge7 7. O-O O-O 8. Bg5 h6 9. Be3 Nd4 10. Rb1 d6 11. a3 Rb8 12. b4 b6 13. Qd2 Kh7 14. a4 Bb7 15. b5 f5 16. f4 e5 17. Nd5 Nxd5 18. exd5 Nxe2+ 19. Qxe2 Qe7 20. Qd2 c4 21. dxc4 e4 22. a5 bxa5 23. Qxa5 Rbc8 24. c5 dxc5 25. Qxa7 c4 26. d6 Qd7 27. Rfd1 Ra8 28. Qb6 Rfc8 29. Bf1 h5 30. Rd2 Bf6 31. Bd4 Bd8 32. Qc5 Rxc5 33. Bxc5 Rc8 34. Be3 c3 35. Rdd1 Bf6 36. b6 h4 37. Bb5 Bc6 38. Bxc6 Qxc6 39. d7 Rb8 40. Ra1 Bd8 41. Ra7 Kh6 42. Ra6 Kh5 43. Kg2 Qc4 44. Ra5 Qe2+ 45. Bf2 Qf3+ 46. Kh3 Qg4+ 47. Kg2 h3+ 48. Kf1 Qxd1+ 49. Be1 Qf3+ 50. Kg1 Qg2# 0-1


[Site "https://www.chess.com"]

[Event "Titled Tuesday Blitz August 17 2021"]
[White "Molina, Roberto Junio Brito"]
[Black "Martins, Vinicius Tine"]
[WhiteFideId "2109450"]
[BlackFideId "2112884"]
[WhiteElo "2402"]
[BlackElo "2373"]
[Result "1-0"]
[Round "09"]
[TimeControl "180+1"]
[Date "2021.08.17"]
[WhiteClock "0:00:15"]
[BlackClock "0:00:02"]

1. d4 d5 2. c4 c6 3. cxd5 cxd5 4. Bg5 Nc6 5. Nc3 h6 6. Bh4 Bf5 7. e3 a6 8. Rc1 g5 9. Bg3 Nf6 10. h4 Rg8 11. hxg5 hxg5 12. Nf3 Rc8 13. Bd3 Bxd3 14. Qxd3 e6 15. a3 Bd6 16. Bxd6 Qxd6 17. Ke2 g4 18. Nd2 Ke7 19. Rh6 Nd7 20. Rch1 Na5 21. e4 Nb6 22. e5 Qd7 23. Rh7 Rcf8 24. Nd1 Nac4 25. Nf1 Qb5 26. Nfe3 Nxe3 27. fxe3 Nc4 28. Rf1 Qe8 29. Rf6 b5 30. Qc3 Kd7 31. Qb4 Qe7 32. Qc3 Rh8 33. Rxh8 Rxh8 34. b3 Nxa3 35. Qa5 Kc6 36. Qxa6+ Kd7 37. Nc3 1-0


[Site "https://www.chess.com"]

[Event "Titled Tuesday Blitz August 17 2021"]
[White "Moreira, Ronaldo Alonso"]
[Black "Novikova, Galina"]
[WhiteFideId "2110547"]
[BlackFideId "4157095"]
[WhiteElo "2037"]
[BlackElo "1907"]
[Result "0-1"]
[Round "09"]
[TimeControl "180+1"]
[Date "2021.08.18"]
[WhiteClock "0:00:05"]
[BlackClock "0:00:24"]

1. d4 d5 2. c4 Nc6 3. Nf3 Bg4 4. e3 e5 5. dxe5 Bb4+ 6. Bd2 d4 7. Bxb4 Nxb4 8. Qa4+ Nc6 9. Nxd4 Bd7 10. Nxc6 Bxc6 11. Qc2 Qe7 12. Qc3 O-O-O 13. Nd2 Nh6 14. Be2 Bxg2 15. Rg1 Bc6 16. Rxg7 Qh4 17. e4 Qxh2 18. Qg3 Qh1+ 19. Qg1 Qh4 20. Qg3 Qe7 21. O-O-O Rhg8 22. Qh3+ Kb8 23. Qxh6 Qxe5 24. Rxg8 Rxg8 25. Qe3 a6 26. Nf3 Qe7 27. Nd2 Rh8 28. Bd3 h5 29. Rh1 h4 30. Nf3 Qd8 31. Kc2 Ba4+ 32. b3 Bc6 33. Qf4 h3 34. Qg3 Qf6 35. Rxh3 Rxh3 36. Qxh3 Qa1 37. Nd2 Qxa2+ 38. Kd1 Qa1+ 39. Ke2 Qd4 40. Qe3 Qe5 41. f4 Qe7 42. e5 Qh4 43. Be4 Qh2+ 44. Kd3 Bd7 45. Bf3 Qh7+ 46. Qe4 Bf5 47. Nf1 Bxe4+ 48. Bxe4 Qh3+ 49. Ne3 Qd7+ 50. Kc3 a5 51. Nd5 c6 52. Ne3 Qh3 53. Kd3 Qg3 0-1


[Site "https://www.chess.com"]

[Event "Titled Tuesday Blitz August 17 2021"]
[White "Moroni, Luca Jr"]
[Black "Bok, Benjamin"]
[WhiteFideId "865834"]
[BlackFideId "1017063"]
[WhiteElo "2491"]
[BlackElo "2658"]
[Result "0-1"]
[Round "09"]
[TimeControl "180+1"]
[Date "2021.08.17"]
[WhiteClock "0:00:11"]
[BlackClock "0:00:14"]

1. d4 d5 2. c4 c6 3. Nc3 Nf6 4. Nf3 e6 5. Bg5 h6 6. Bh4 dxc4 7. e4 g5 8. Bg3 b5 9. Be2 Bb7 10. Qc2 Nh5 11. Be5 Rg8 12. Rd1 Nd7 13. d5 g4 14. dxe6 fxe6 15. Ng1 Qg5 16. Bd4 O-O-O 17. b3 Bc5 18. bxc4 b4 19. Na4 Bxd4 20. Rxd4 Rgf8 21. Rd1 Nf4 22. Kf1 Ne5 23. Rxd8+ Rxd8 24. Nc5 Qe7 25. Nxb7 Kxb7 26. g3 Nxe2 27. Nxe2 Nf3 28. c5 Rd2 29. Qc4 a5 30. Kg2 Ne5 31. Qc1 Rxe2 32. Qxh6 Qf7 33. Rf1 Nd3 34. Kg1 Rxf2 35. Rd1 Qf3 36. Qg7+ Ka6 0-1


[Site "https://www.chess.com"]

[Event "Titled Tuesday Blitz August 17 2021"]
[White "Murzin, Volodar"]
[Black "Zakaryan_David"]
[WhiteFideId "44155573"]
[WhiteElo "2541"]
[BlackElo "2586"]
[Result "1-0"]
[Round "09"]
[TimeControl "180+1"]
[Date "2021.08.17"]
[WhiteClock "0:00:03"]
[BlackClock "0:00:36"]

1. e4 c5 2. Nf3 Nc6 3. Bb5 e6 4. Bxc6 bxc6 5. O-O Ne7 6. c3 Ng6 7. d4 d5 8. Nbd2 Be7 9. Re1 a5 10. dxc5 Bxc5 11. Nd4 O-O 12. N2b3 Bb6 13. Nxc6 Qh4 14. Be3 Bxe3 15. Rxe3 dxe4 16. Nc5 f5 17. Qd6 Qf6 18. Rd1 e5 19. a4 Qxd6 20. Rxd6 Rf6 21. Rxf6 gxf6 22. b4 Kf7 23. b5 Ne7 24. Nxe7 Kxe7 25. c4 Kd6 26. Nb3 Be6 27. c5+ Ke7 28. c6 Kd6 29. g3 Bd5 30. Rc3 Kc7 31. Nc5 f4 32. Nd7 Kd6 33. Nxf6 Be6 34. Nxe4+ Kd5 35. Nf6+ Kd4 36. Rc1 Kd3 37. b6 Kd2 38. b7 Rb8 39. Rb1 fxg3 40. hxg3 Bd5 41. Nxd5 Kc2 42. c7 Rg8 43. c8=Q+ Kxb1 44. b8=Q+ Ka2 45. Qc2+ Ka3 46. Qbb2# 1-0


[Site "https://www.chess.com"]

[Event "Titled Tuesday Blitz August 17 2021"]
[White "Musovic, Armin"]
[Black "Chen, Max"]
[WhiteFideId "939935"]
[BlackFideId "2622440"]
[WhiteElo "2250"]
[BlackElo "2444"]
[Result "1/2-1/2"]
[Round "09"]
[TimeControl "180+1"]
[Date "2021.08.17"]
[WhiteClock "0:00:18"]
[BlackClock "0:00:11"]

1. a3 a6 2. Nc3 Nc6 3. e4 e5 4. Nf3 Nf6 5. d4 exd4 6. Nd5 Be7 7. Bc4 O-O 8. O-O d6 9. Nxd4 Nxd4 10. Qxd4 Nxd5 11. Bxd5 Bf6 12. Qb4 c6 13. Bb3 Re8 14. f3 a5 15. Qe1 Be6 16. Kh1 Bxb3 17. cxb3 d5 18. Bf4 dxe4 19. fxe4 Qd4 20. Rd1 Qxe4 21. Qg3 Rad8 22. Bd6 Qg6 23. Qf2 Rd7 24. Bg3 Qg4 25. Rxd7 Qxd7 26. Qa7 h5 27. h4 Qd5 28. Qxb7 Bxb2 29. b4 Re2 30. Qc8+ Kh7 31. Qf5+ Qxf5 32. Rxf5 axb4 33. Rxh5+ Kg6 34. Rg5+ Kf6 35. axb4 Rc2 36. Kh2 Rc4 37. b5 cxb5 38. Rxb5 Bd4 39. Rd5 Bc3 40. Kh3 Ke6 41. Rd6+ Ke7 42. Rd3 Bf6 43. Re3+ Kd7 44. Ra3 Ke6 45. Rf3 Rc3 46. Kg4 Rc4+ 47. Rf4 Rxf4+ 48. Bxf4 Ke7 49. h5 Ke6 50. g3 Ba1 51. Bd2 Kf6 52. Bg5+ Ke6 53. Bh4 Bb2 54. Kf3 Bc3 55. g4 f6 56. Ke4 Bb2 57. Bg3 Bc3 58. Bf2 Bb2 59. Be3 Bc3 60. Bc5 Kf7 61. Kf5 Bb2 62. Bd6 Bc3 63. Bc5 Bb2 64. Bb4 Ba1 65. Ba3 Bc3 66. Bc1 Ba1 67. Ke4 Bc3 68. Kd5 Ba1 69. Kc4 Be5 70. Kb5 Ke6 71. Kc4 Ba1 72. Kd3 Be5 73. Ke4 Bd6 74. h6 gxh6 75. Bxh6 Kf7 76. Kf5 Be7 77. Bd2 Bd8 78. Bc3 Be7 79. Ba5 Bd6 80. Bd8 Be5 81. Bb6 Bb2 82. Bf2 Bc3 83. Bg3 Bb2 1/2-1/2


[Site "https://www.chess.com"]

[Event "Titled Tuesday Blitz August 17 2021"]
[White "Nastore, Pavel-Alexandru"]
[Black "Mirzanurov, Bulat"]
[WhiteFideId "1255002"]
[BlackFideId "4184521"]
[WhiteElo "1763"]
[BlackElo "2208"]
[Result "0-1"]
[Round "09"]
[TimeControl "180+1"]
[Date "2021.08.18"]
[WhiteClock "0:00:00"]
[BlackClock "0:00:01"]

1. e4 c5 2. Nf3 d6 3. d4 cxd4 4. Nxd4 Nf6 5. Nc3 a6 6. Bg5 e6 7. f4 h6 8. Bh4 Qb6 9. a3 Nbd7 10. Bf2 Qc7 11. Qf3 b5 12. O-O-O Bb7 13. g4 Nc5 14. Bd3 d5 15. e5 Nfe4 16. Bxe4 Nxe4 17. Nxe4 dxe4 18. Qe3 Bc5 19. f5 Rc8 20. c3 Qxe5 21. fxe6 Qxe6 22. Kb1 Bxd4 23. Rxd4 O-O 24. g5 hxg5 25. Qxg5 f6 26. Qe3 f5 27. Bg3 Qf6 28. Bf4 Qe6 29. Rg1 Rf7 30. Rd6 Qb3 31. Be5 Bd5 32. Rdg6 Qa2+ 33. Kc1 Qa1+ 34. Kc2 Qa2 35. Rxg7+ Rxg7 36. Rxg7+ Kf8 37. Qg5 Bb3+ 38. Kd2 Qxb2+ 39. Ke3 Qc1+ 40. Kf2 Qxg5 41. Rxg5 Be6 42. Ke3 Kf7 43. Kf4 Rc4 44. h4 Ra4 45. h5 Rxa3 46. h6 Ra1 47. h7 Rh1 48. h8=Q Rxh8 49. Bxh8 a5 50. Ke3 a4 51. Rg1 a3 52. Ra1 a2 53. Kf4 Kg6 54. Bd4 Bc4 55. Ke5 Kg5 56. Rg1+ Kh4 0-1


[Site "https://www.chess.com"]

[Event "Titled Tuesday Blitz August 17 2021"]
[White "Nemeth Junior, Henrique"]
[Black "Garcia Garcia, Alejandro"]
[WhiteFideId "2118815"]
[BlackFideId "3516334"]
[WhiteElo "1976"]
[BlackElo "2131"]
[Result "1-0"]
[Round "09"]
[TimeControl "180+1"]
[Date "2021.08.18"]
[WhiteClock "0:00:22"]
[BlackClock "0:00:10"]

1. e4 c5 2. Nc3 e6 3. g3 d5 4. exd5 exd5 5. Bg2 Nf6 6. d3 d4 7. Ne4 Nxe4 8. dxe4 g6 9. Ne2 Bg7 10. O-O O-O 11. a4 Nc6 12. Bf4 Bg4 13. h3 Be6 14. Qd2 Qd7 15. Kh2 Rfd8 16. Bh6 Bh8 17. Nf4 Bc4 18. Rfe1 Ne5 19. b3 Ba6 20. Nd5 Re8 21. f4 Nc6 22. Bg5 Re6 23. e5 Rae8 24. Bf6 Nb4 25. Bxh8 Nxd5 26. Bxd5 Qxd5 27. Bf6 Qf3 28. Qg2 Qxg2+ 29. Kxg2 b6 30. g4 Rc6 31. f5 c4 32. b4 Bb7 33. Kg3 d3 34. cxd3 cxd3 35. Rad1 Rc3 36. e6 fxe6 37. Bxc3 Rc8 38. Rxd3 exf5 39. gxf5 gxf5 40. Ba1 Be4 41. Rd7 Rc4 42. Rg7+ Kf8 43. Rd1 Rc8 44. Rdd7 1-0


[Site "https://www.chess.com"]

[Event "Titled Tuesday Blitz August 17 2021"]
[White "Nesterov, Arseniy"]
[Black "Kadam, Om Manish"]
[WhiteFideId "24198455"]
[BlackFideId "45076294"]
[WhiteElo "2477"]
[BlackElo "1729"]
[Result "1-0"]
[Round "09"]
[TimeControl "180+1"]
[Date "2021.08.17"]
[WhiteClock "0:00:04"]
[BlackClock "0:00:02"]

1. d4 Nf6 2. c4 g6 3. Nc3 d5 4. cxd5 Nxd5 5. e4 Nxc3 6. bxc3 Bg7 7. Qa4+ c6 8. Nf3 O-O 9. Be2 c5 10. O-O Nc6 11. Be3 Bg4 12. d5 Bxf3 13. Bxf3 Ne5 14. Be2 Nd7 15. Qb3 Qc7 16. Rad1 a6 17. c4 Rab8 18. a4 Rfc8 19. Rc1 Bd4 20. Rfd1 Qe5 21. Qd3 Bxe3 22. Qxe3 Nf6 23. Bd3 g5 24. h3 h6 25. g3 Kh8 26. f4 gxf4 27. gxf4 Rg8+ 28. Kf2 Qh5 29. Rg1 Qh4+ 30. Ke2 Nh5 31. Qxc5 Nxf4+ 32. Kd2 Qxh3 33. Qd4+ f6 34. e5 Qh2+ 35. Kc3 Rg3 36. Rxg3 Qxg3 37. Qe4 Nxd3 38. Qxd3 Qxe5+ 39. Kb3 b5 40. axb5 axb5 41. c5 b4 42. c6 Qd6 43. c7 Rc8 44. Qc4 Qg3+ 45. Kxb4 Qe3 46. Qc5 Qd2+ 47. Rc3 Qb2+ 48. Kc4 Qh2 49. Kb3 Qe5 50. Qc6 Qf5 51. Kb4 Qf4+ 52. Kb5 Qe5 53. Kb6 Qd4+ 54. Kb7 Rxc7+ 55. Qxc7 Qxd5+ 56. Qc6 Qe5 57. Qc8+ Kg7 58. Qg4+ Kf7 59. Qc4+ Kg7 60. Rd3 h5 61. Rd5 Qh2 62. Qe4 Qb2+ 63. Kc8 Qc3+ 64. Kd8 e5 65. Rd7+ Kh6 66. Qf5 h4 67. Rh7# 1-0


[Site "https://www.chess.com"]

[Event "Titled Tuesday Blitz August 17 2021"]
[White "Nogerbek, Kazybek"]
[Black "Kamsky, Gata"]
[WhiteFideId "13710427"]
[BlackFideId "2000024"]
[WhiteElo "2436"]
[BlackElo "2644"]
[Result "0-1"]
[Round "09"]
[TimeControl "180+1"]
[Date "2021.08.17"]
[WhiteClock "0:00:01"]
[BlackClock "0:00:22"]

1. d4 d5 2. c4 c6 3. Nf3 Nf6 4. g3 g6 5. Bg2 Bg7 6. cxd5 cxd5 7. Ne5 O-O 8. Nc3 e6 9. O-O Nfd7 10. Nf3 Nc6 11. b3 Nf6 12. Bb2 Bd7 13. Rc1 Qe7 14. Nb5 Rfc8 15. Ba3 Nb4 16. Qd2 a5 17. Nc3 Qd8 18. Ne5 Be8 19. Rfd1 Bf8 20. Bb2 Nc6 21. e4 dxe4 22. Nxe4 Nd5 23. Nc3 Ncb4 24. a3 Nxc3 25. Rxc3 Nd5 26. Rxc8 Rxc8 27. Rc1 Rxc1+ 28. Qxc1 f6 29. Nd3 Bc6 30. h4 Kf7 31. Qc2 Ne7 32. Bxc6 Nxc6 33. Nf4 Qd7 34. Qc4 Ne7 35. Bc3 b5 36. Qd3 Nd5 37. Nxd5 Qxd5 38. a4 Qxb3 39. axb5 Bb4 40. Qe4 Qxc3 41. Qb7+ Be7 42. b6 Qxd4 43. Qc7 Qc5 44. Qa7 a4 45. Qa6 a3 46. b7 Qb4 47. Qa8 a2 48. b8=Q 0-1


[Site "https://www.chess.com"]

[Event "Titled Tuesday Blitz August 17 2021"]
[White "Nozdrachev, Leonid"]
[Black "Krysa, Leandro"]
[WhiteFideId "24113433"]
[BlackFideId "116807"]
[WhiteElo "2240"]
[BlackElo "2490"]
[Result "1/2-1/2"]
[Round "09"]
[TimeControl "180+1"]
[Date "2021.08.17"]
[WhiteClock "0:00:03"]
[BlackClock "0:00:10"]

1. e4 d6 2. d4 Nf6 3. Nc3 c6 4. h3 e5 5. Nf3 exd4 6. Qxd4 Be7 7. Bg5 O-O 8. Be2 Be6 9. O-O Nbd7 10. Rad1 Re8 11. Rfe1 Qb6 12. Qxb6 axb6 13. a3 b5 14. Bf1 h6 15. Be3 Ne5 16. Nd4 Bf8 17. Nxe6 Rxe6 18. f3 Nc4 19. Bxc4 bxc4 20. Ne2 Ree8 21. Bd4 Nd7 22. Ng3 g6 23. Nf1 h5 24. Ne3 b5 25. Kf2 h4 26. Ng4 Re6 27. Bc3 Rae8 28. b3 Ra8 29. Ra1 cxb3 30. cxb3 Be7 31. a4 bxa4 32. bxa4 Nc5 33. Reb1 f5 34. Nh6+ Kf8 35. exf5 gxf5 36. Nxf5 Bd8 37. a5 d5 38. Bb4 Be7 39. Nxe7 Nd3+ 40. Kf1 Nxb4 41. Ng6+ Rxg6 42. Rxb4 Ke7 43. Rxh4 Kd6 44. Rb4 Rg7 45. a6 Rga7 46. Rba4 c5 47. h4 c4 48. h5 Kc5 49. Ke2 d4 50. Ra5+ Kb4 51. R1a4+ Kb3 52. Ra3+ Kb4 53. R5a4+ Kb5 54. g4 d3+ 55. Kd2 Re8 56. Ra5+ Kb4 57. R3a4+ Kb3 58. Ra3+ Kb4 59. R3a4+ Kb3 60. Ra3+ Kb2 61. Ra2+ Kb3 62. R2a3+ 1/2-1/2


[Site "https://www.chess.com"]

[Event "Titled Tuesday Blitz August 17 2021"]
[White "Obolentseva, Alexandra"]
[Black "Levitskiy, Andrey"]
[WhiteFideId "24153648"]
[BlackFideId "14132885"]
[WhiteElo "2113"]
[BlackElo "2340"]
[Result "0-1"]
[Round "09"]
[TimeControl "180+1"]
[Date "2021.08.17"]
[WhiteClock "0:00:18"]
[BlackClock "0:00:21"]

1. d4 Nf6 2. c4 e6 3. Nc3 Bb4 4. Qc2 Nc6 5. Nf3 d6 6. g3 e5 7. d5 Bxc3+ 8. Qxc3 Nb8 9. Bg2 Nbd7 10. O-O a5 11. b3 O-O 12. Bb2 Nc5 13. Nd2 Bf5 14. f4 e4 15. Rfe1 Qd7 16. Nf1 h5 17. Ne3 Kh7 18. Rad1 Rg8 19. Kh1 b6 20. Rf1 Rae8 21. Rde1 Ng4 22. Nxg4 hxg4 23. Qe3 Kg6 24. Kg1 Rh8 25. Qd4 f6 26. Qe3 Rh5 27. h3 gxh3 28. Bh1 h2+ 29. Kf2 Bg4 30. Rd1 b5 31. cxb5 Qxb5 32. Rfe1 a4 33. Bd4 axb3 34. axb3 Rxd5 35. Bxc5 Qxc5 36. Rxd5 Qxd5 37. Rc1 c5 38. Rc4 f5 39. Rc1 Qd4 40. Bg2 Qxe3+ 41. Kxe3 Rb8 42. Rc3 Kf6 43. Bh1 Ke6 44. Kf2 Kd5 45. e3 Kc6 46. Kg2 Bf3+ 47. Kxh2 Rh8+ 48. Kg1 Rxh1+ 49. Kf2 Rh2+ 50. Kf1 Rb2 51. Rc4 Kb5 52. Ra4 Rxb3 53. Ra8 Rb1+ 54. Kf2 Rb2+ 55. Kf1 Kc4 56. Ra4+ Rb4 0-1


[Site "https://www.chess.com"]

[Event "Titled Tuesday Blitz August 17 2021"]
[White "Pasquier, Thomas"]
[Black "Ezat, Mohamed"]
[WhiteFideId "614815"]
[BlackFideId "10600906"]
[WhiteElo "2127"]
[BlackElo "2414"]
[Result "0-1"]
[Round "09"]
[TimeControl "180+1"]
[Date "2021.08.18"]
[WhiteClock "0:00:06"]
[BlackClock "0:00:02"]

1. c4 Nf6 2. g3 g6 3. Bg2 Bg7 4. Nc3 O-O 5. e3 c6 6. Nge2 d6 7. O-O e5 8. Rb1 Qe7 9. b4 Nbd7 10. b5 Nc5 11. d4 exd4 12. exd4 Nce4 13. bxc6 bxc6 14. Re1 Bf5 15. Rb3 Rfe8 16. Nxe4 Bxe4 17. Nc3 Bc2 18. Qxc2 Qxe1+ 19. Bf1 Ng4 20. Nd1 Bxd4 21. Rf3 Ne5 22. Rb3 Ng4 23. Rf3 Nxh2 24. Kxh2 Qxf1 25. Be3 Bxe3 26. Nxe3 Qa1 27. Qd2 Qg7 28. Qxd6 Rad8 29. Qf4 Rd2 30. Ng4 Rd4 31. Nf6+ Kf8 32. Qc7 Qh6+ 33. Kg2 Rd1 0-1


[Site "https://www.chess.com"]

[Event "Titled Tuesday Blitz August 17 2021"]
[White "Pastar, Slaven"]
[Black "Simonovic, Miroslav"]
[WhiteFideId "14402718"]
[BlackFideId "919152"]
[WhiteElo "2150"]
[BlackElo "2043"]
[Result "1-0"]
[Round "09"]
[TimeControl "180+1"]
[Date "2021.08.18"]
[WhiteClock "0:00:17"]
[BlackClock "0:00:12"]

1. b3 c5 2. Bb2 Nc6 3. Nf3 d6 4. e3 e5 5. c4 g6 6. Nc3 Bg7 7. Nd5 Nge7 8. Be2 h6 9. Qc2 Bf5 10. d3 Nxd5 11. cxd5 Ne7 12. e4 Bd7 13. O-O O-O 14. Nd2 f5 15. f4 b6 16. fxe5 dxe5 17. Nc4 Qb8 18. a4 g5 19. Bc3 Ng6 20. Qb2 b5 21. axb5 Bxb5 22. Rxf5 Rxf5 23. exf5 Bxc4 24. bxc4 Qxb2 25. Bxb2 Nf4 26. Bf1 Rb8 27. Bc1 Rb3 28. d6 Nxd3 29. d7 Bf6 30. Rxa7 Nxc1 31. Ra6 Be7 32. Re6 Kf8 33. f6 Bxf6 34. Rxf6+ Ke7 35. Rxh6 Kxd7 36. Rg6 Rb1 37. Rxg5 Ne2+ 38. Kf2 Nf4 39. Rxe5 Rc1 40. Rxc5 Kd6 41. Ra5 Rc2+ 42. Kf3 Nd3 43. Bxd3 Rc3 44. Ke3 Kc6 45. Kd4 Rc1 46. Ra6+ Kd7 47. Rh6 Kc7 48. Rh7+ Kd6 49. Rh6+ Ke7 50. g4 Rg1 51. Rh7+ Kd6 52. Rh6+ Ke7 53. h3 Rg3 54. Rh7+ Kd6 55. Rh6+ Ke7 56. c5 Kd7 57. Rh7+ Kc6 58. Rh6+ Kc7 59. Be4 Rg1 60. Rh7+ Kd8 61. c6 Rd1+ 62. Ke5 Rc1 63. c7+ Rxc7 64. Rxc7 Kxc7 65. Kf6 Kd8 66. Kg7 Ke8 67. h4 Ke7 68. h5 Ke6 69. g5 Ke5 70. h6 Kxe4 71. h7 Kf4 72. g6 Kg5 73. h8=Q Kf5 74. Qf8+ Ke6 75. Kh6 Kd5 76. g7 Ke4 77. g8=Q Kd3 78. Qgg7 1-0


[Site "https://www.chess.com"]

[Event "Titled Tuesday Blitz August 17 2021"]
[White "Pavlov, Danila"]
[Black "Bilan, Danila"]
[WhiteFideId "34126594"]
[BlackFideId "24161918"]
[WhiteElo "2323"]
[BlackElo "2164"]
[Result "1-0"]
[Round "09"]
[TimeControl "180+1"]
[Date "2021.08.17"]
[WhiteClock "0:00:14"]
[BlackClock "0:00:02"]

1. e4 c6 2. Nc3 d5 3. Nf3 Bg4 4. h3 Bxf3 5. Qxf3 e6 6. d3 Nd7 7. Qg3 g6 8. Be2 Bg7 9. O-O Ngf6 10. f4 O-O 11. Kh1 Qc7 12. a4 Rab8 13. Be3 d4 14. Bxd4 Nxe4 15. dxe4 Bxd4 16. e5 Bxc3 17. Qxc3 Nb6 18. Qc5 Rbd8 19. Bf3 Rd2 20. a5 Nc8 21. Be4 Rfd8 22. Bd3 Qe7 23. Qc3 R2xd3 24. cxd3 a6 25. Ra4 Qc7 26. Rd4 Rxd4 27. Qxd4 Qxa5 28. Qd7 Na7 29. Qxb7 Qc5 30. Qxa6 Nb5 31. Qa4 Kg7 32. Qc4 Qb6 33. b4 Qe3 34. Rf3 Qb6 35. Qc5 Qa6 36. Kh2 Qa1 37. Re3 Nd4 38. Re4 Nf5 39. Qxc6 Qd1 40. Qc3 h5 41. Re1 Qa4 42. Rb1 Qd7 43. b5 h4 44. b6 Qb7 45. Qc7 Qd5 46. b7 Ne3 47. Rb2 Qd4 48. Qc1 Qxf4+ 49. Kh1 Qxe5 50. b8=Q Qxb8 51. Rxb8 1-0


[Site "https://www.chess.com"]

[Event "Titled Tuesday Blitz August 17 2021"]
[White "Pichot, Alan"]
[Black "Firat, Burak"]
[WhiteFideId "110973"]
[BlackFideId "6305881"]
[WhiteElo "2622"]
[BlackElo "2531"]
[Result "1/2-1/2"]
[Round "09"]
[TimeControl "180+1"]
[Date "2021.08.17"]
[WhiteClock "0:00:07"]
[BlackClock "0:00:11"]

1. e4 c5 2. Nf3 d6 3. d4 cxd4 4. Nxd4 Nf6 5. Nc3 a6 6. Bg5 e6 7. f4 Qc7 8. Bxf6 gxf6 9. Qf3 Nd7 10. O-O-O Nc5 11. f5 h5 12. fxe6 fxe6 13. Qxf6 Bg7 14. Qf3 Be5 15. Be2 b5 16. a3 Bd7 17. Rhf1 O-O-O 18. g3 Kb8 19. Qe3 Bc8 20. Kb1 Rh7 21. Nf3 Bxc3 22. Qxc3 Nxe4 23. Qe3 Nc5 24. Rd2 e5 25. Rfd1 Rhh8 26. Nh4 Bb7 27. Nf5 d5 28. c3 Qh7 29. Qxc5 Qxf5+ 30. Bd3 Qc8 31. Qe3 Qc7 32. Bc2 h4 33. Bb3 hxg3 34. hxg3 d4 35. cxd4 exd4 36. Rxd4 Rxd4 37. Qxd4 Rc8 38. g4 Bf3 39. Rf1 Bb7 40. g5 Qg3 41. Qf4+ Qxf4 42. Rxf4 Rc5 43. Rg4 Bf3 44. Rg3 Be4+ 45. Ka2 Bg6 46. Bd1 a5 47. b4 axb4 48. axb4 Re5 49. Ka3 Kc7 50. Bb3 Kd6 51. Kb2 Re4 52. Ka3 Re1 53. Rg4 Ke5 54. Rg2 Ra1+ 55. Kb2 Rb1+ 56. Kc3 Re1 57. Bc2 Bxc2 58. Kxc2 Kf5 59. g6 Re8 60. g7 Rg8 61. Kd3 Ke5 62. Rg5+ Kf6 63. Rg1 Ke5 64. Ke3 Kd5 65. Rg4 Ke5 66. Rg5+ Kf6 67. Rxb5 Rxg7 68. Rb6+ Ke5 69. Rb5+ Kd6 70. Rc5 Rg1 71. Kd4 Rb1 72. Rb5 Kc6 73. Rb8 Kc7 74. Rb5 Kc6 75. Rc5+ Kb6 76. Kc4 Rc1+ 77. Kd5 Rb1 78. Kc4 Rc1+ 79. Kd5 Rd1+ 80. Kc4 Rc1+ 1/2-1/2


[Site "https://www.chess.com"]